 Dungeon Crawl Stone Soup version 0.15.0-16-gce31824 (webtiles) character file.

182393 Heini the Shatterer (level 17, -1/170 HPs)
             Began as a Minotaur Fighter on Sept 6, 2014.
             Was the Champion of Okawaru.
             Slain by a ghost moth (4 damage)
             ... on Level 5 of the Spider Nest.
             The game lasted 02:23:05 (30815 turns).

Heini the Shatterer (Minotaur Fighter)             Turns: 30815, Time: 02:23:06

HP  -1/170       AC 31     Str 29      XL: 17   Next: 71%
MP   0/15        EV  7     Int  7      God: Okawaru [******]
Gold 2401        SH 10     Dex 13 (14) Spells:  0 memorised, 16 levels left

rFire  + . .     SeeInvis .     G - +3 morningstar (flame)
rCold  . . .     Clarity  .     N - +5 scale mail of Grot {rPois Int+2}
rNeg   . . .     rCorr    .     c - +0 shield
rPois  +         rRot     .     y - +2 hat {MR+}
rElec  .         Spirit   +     K - +2 cloak {MR+}
SustAb .         Warding  .     C - +2 pair of gloves {Str+3}
rMut   .         Stasis   .     A - +2 pair of boots
Gourm  .                        V - amulet of guardian spirit
MR     ++++.                    E - ring of protection from magic
                                i - ring of protection from fire

@: lethally poisoned, hasted, very quick, incredibly resistant to hostile
enchantments, extremely unstealthy
A: retaliatory headbutt, horns 2, slimy green scales 1, thin skeletal structure
1
a: Heroism, Finesse, Renounce Religion


You were on level 5 of the Spider Nest.
You worshipped Okawaru.
Okawaru was exalted by your worship.
You were not hungry.

You visited 6 branches of the dungeon, and saw 31 of its levels.
You also visited: Volcano.

You collected 3641 gold pieces.
You spent 1240 gold pieces at shops.

Inventory:

Hand weapons
 G - a +3 morningstar of flaming (weapon)
Armour
 c - a +0 shield (worn)
 y - a +2 hat of magic resistance (worn)
 A - a +2 pair of boots (worn)
 C - a +2 pair of gloves of strength (worn)
 K - a +2 cloak of magic resistance (worn)
 N - the +5 scale mail of Grot (worn) {rPois Int+2}
   (Okawaru gifted it to you on level 1 of the Lair of Beasts)

   It affects your intelligence (+2).
   It protects you from poison.
Magical devices
 q - a wand of lightning (6)
 J - a wand of digging (13)
 Q - a wand of heal wounds (3)
 R - a wand of hasting (5)
 U - a wand of teleportation (4)
 Y - a wand of teleportation (4)
Comestibles
 d - 9 bread rations
 t - 3 beef jerkies
 v - 4 slices of pizza
 B - 44 fruits
 D - 9 royal jellies
 F - 7 meat rations
Scrolls
 b - 12 scrolls of identify
 g - 4 scrolls of enchant armour
 h - 6 scrolls of amnesia
 k - 4 scrolls of teleportation
 l - a scroll of immolation {unknown}
 n - 3 scrolls of summoning
 o - 6 scrolls of enchant weapon
 r - 3 scrolls of brand weapon
 u - 7 scrolls of remove curse
 w - 4 scrolls of magic mapping
 O - 3 scrolls of recharging
 T - 3 scrolls of fear
Jewellery
 i - a ring of protection from fire (left hand)
 m - an uncursed amulet of stasis {unknown}
 E - a ring of protection from magic (right hand)
 I - an uncursed ring of positive energy
 M - an uncursed ring of flight
 P - an uncursed ring of see invisible
 V - an amulet of guardian spirit (around neck)
 X - an uncursed ring of protection from magic
Potions
 a - 3 potions of porridge
 e - 6 potions of might
 j - 4 potions of curing
 p - 3 potions of agility
 s - 3 potions of resistance
 z - 2 potions of berserk rage
 H - 4 potions of invisibility
 L - 4 potions of restore abilities
 S - a potion of flight
 W - a potion of brilliance


   Skills:
 * Level 19.9 Fighting
 + Level 23.8 Maces & Flails
 - Level 2.0 Throwing
 * Level 17.4 Armour
 - Level 1.1 Stealth
 - Level 3.6 Shields
 + Level 3.1 Invocations


You had 16 spell levels left.
You didn't know any spells.

Dungeon Overview and Level Annotations

Branches:
Dungeon (12/15)            Temple (1/1) D:6             Orc (4/4) D:12
    Elf (0/3) Orc:3          Lair (8/8) D:8          Shoals (1/5) Lair:3
 Spider (5/5) Lair:5        Slime (0/6) Lair:6

Altars:
Ashenzari
Cheibriados
Dithmenos
Elyvilon
Fedhas
Kikubaaqudgha
Makhleb
Nemelex Xobeh
Okawaru
Qazlal
Sif Muna
Trog
Vehumet
Xom
Yredelemnul
Zin
The Shining One
Jiyva

Shops:
D:5 [   D:6 [   D:12 *   Orc:2 !   Orc:4 ?[:!=?:

Annotations:
Spider:5 Aizul


Innate Abilities, Weirdness & Mutations

You reflexively headbutt those who attack you in melee.
You have a pair of horns on your head.
You are partially covered in slimy green scales (AC +2).
You have a somewhat thin skeletal structure (Dex +2, Stealth).


Message History

Aizul hits you but does no damage.
You feel sick.
You feel you are being watched by something.
Aizul coils himself and waves his upper body at you.
The bolt of poison misses you.
You feel you are being watched by something.
Something hits you!
* * * LOW HITPOINT WARNING * * *
You feel clumsy. You block its attack.
Something stings you but does no damage.
Drink which item? (? for menu, Esc to quit)
You feel yourself speed up.
You feel sick. Aizul casts a spell at you. The poison arrow hits you!
You are more poisoned.
You partially resist.
* * * LOW HITPOINT WARNING * * *
Something hits you but does no damage. Something hits you.
You die...

#### #...#s^....)....
##..## ##.............^
#≈...## #..............
###....≈#
##....#...#..#.
#≈≈..%s.##
###..........^
#....##.%.# #^....#.##..
#....###sS^##
#........... #..≈;#
##...# #...#.#....^
.≈..≈≈# #%@≈##
#........#.# ≈..s≈#≈.
##%.^###.....)...^.
..###..
###)%###...........# #
#..##.≈.≈# #........##..
####....####..#.........
#≈...## #.........#...
##....## #......#.....#
#≈..##.###..^........^#
#...##..%'%..#.#.......


You could see Aizul, an orb spider and a redback.

Vanquished Creatures
  Norris (Spider:5)
  Arachne (Spider:3)
  Donald (Spider:4)
  An emperor scorpion (Spider:2)
  Jorgrun (Spider:5)
  The ghost of WildSam the Slicer, a powerful DsWn of Qazlal (Lair:6)
  Snorg (Lair:3)
  6 hydras
  Harold (D:10)
  Nessos (Orc:4)
  Erica (D:12)
  23 death yaks
  Urug (Orc:4)
  3 orc high priests (Orc:4)
  A deep troll shaman (Lair:8)
  Nergalle (Orc:4)
  A catoblepas (Lair:8)
  13 orb spiders
  A sea snake (Shoals:1)
  6 hill giants
  4 ugly things (D:12)
  6 orc sorcerers
  5 orc knights
  A lindwurm (Lair:8)
  20 wolf spiders
  2 griffons
  4 fauns (Shoals:1)
  An oklob plant (Lair:6)
  A manticore (Shoals:1)
  A water nymph (Shoals:1)
  A molten gargoyle (Volcano)
  Joseph (Orc:4)
  2 elephants (Lair:8)
  3 torpor snails
  A mermaid (Lair:3)
  3 gargoyles (Volcano)
  5 black mambas
  The ghost of MDvedh the Cleaver, an experienced DgFi (D:5)
  15 spiny frogs
  14 demonic crawlers
  Psyche (D:9)
  An iron devil (Spider:4)
  9 komodo dragons
  2 fire drakes
  3 trolls
  26 jumping spiders
  A hydra zombie (D:10)
  A fire vortex (Volcano)
  Sonja (D:11)
  A slime creature (D:12)
  2 snapping turtles (Shoals:1)
  2 polar bears (Lair:8)
  A merfolk (Shoals:1)
  Prince Ribbit (D:8)
  19 blink frogs
  A spectral orc (Orc:4)
  A ynoxinul (Spider:4)
  2 boulder beetles
  15 trapdoor spiders
  3 basilisks
  A wyvern (Lair:7)
  46 redbacks
  2 deep elf magi (D:9)
  3 fire elementals (Volcano)
  23 tarantellas
  A shadow (D:11)
  31 yaks
  2 water elementals (Shoals:1)
  A steam dragon (D:8)
  4 vampire mosquitoes (D:12)
  2 hungry ghosts (D:11)
  A warg (Orc:1)
  8 hippogriffs
  A soldier ant (D:8)
  8 water moccasins
  13 wolves
  12 porcupines
  9 ogres
  47 spiders
  2 yellow wasps
  A manticore zombie (D:12)
  A sky beast (D:9)
  3 boring beetles
  27 orc warriors
  15 crocodiles
  11 centaurs
  Blork the orc (D:6)
  24 giant frogs
  A gnoll sergeant (D:8)
  A cyclops zombie (D:9)
  A hippogriff zombie (D:10)
  8 scorpions
  16 wights
  6 electric eels
  9 crimson imps
  2 giant frog zombies
  10 hounds
  5 goliath beetles
  2 centaur zombies
  5 jellies
  25 orc priests
  43 orc wizards
  A two-headed ogre zombie (D:10)
  An iguana (Lair:4)
  A quasit (D:5)
  A kobold skeleton (D:12)
  8 worker ants
  An ogre zombie (D:8)
  Ijyb (D:5)
  27 sheep
  A hound zombie (D:7)
  A hound skeleton (D:7)
  8 gnolls
  A worker ant zombie (D:9)
  17 adders
  49 green rats
  A shadow imp (D:6)
  3 worms
  An adder zombie (D:6)
  An adder skeleton (D:9)
  11 giant geckos
  169 orcs
  2 ball pythons
  A bat skeleton (D:6)
  23 goblins
  25 hobgoblins
  2 jackals (D:10)
  14 quokkas
  9 bats
  4 giant cockroaches
  A giant gecko skeleton (D:5)
  3 giant newts
  A goblin zombie (D:6)
  10 kobolds
  4 orc zombies
  9 rats
  2 butterflies (D:9)
  A plant (Lair:8)
1099 creatures vanquished.

Vanquished Creatures (collateral kills)
  A giant frog (D:8)
1 creature vanquished.

Vanquished Creatures (others)
  A jumping spider (Spider:1)
  A goblin (Orc:4)
  A fungus (Lair:7)
  4 plants
7 creatures vanquished.

Grand Total: 1107 creatures vanquished

Notes
Turn   | Place    | Note
--------------------------------------------------------------
     0 | D:1      | Heini, the Minotaur Fighter, began the quest for the Orb.
     0 | D:1      | Reached XP level 1. HP: 19/19 MP: 1/1
   106 | D:1      | Reached skill level 4 in Fighting
   106 | D:1      | Reached XP level 2. HP: 24/27 MP: 1/1
   643 | D:2      | Found an ancient bone altar of Kikubaaqudgha.
   667 | D:2      | Found a stormy altar of Qazlal.
   670 | D:2      | Noticed an earth elemental
   671 | D:2      | Noticed a water elemental
   671 | D:2      | Noticed a fire elemental
   671 | D:2      | Noticed an air elemental
   794 | D:2      | Reached XP level 3. HP: 15/33 MP: 2/2
  1030 | D:3      | Reached XP level 4. HP: 16/41 MP: 2/2
  1174 | D:3      | Reached skill level 5 in Fighting
  1183 | D:3      | Reached skill level 5 in Armour
  1420 | D:3      | Reached XP level 5. HP: 44/48 MP: 2/2
  2547 | D:5      | Entered Level 5 of the Dungeon
  2559 | D:5      | Noticed MDvedh's ghost (experienced DgFi)
  2589 | D:5      | Killed MDvedh's ghost
  2589 | D:5      | Reached skill level 6 in Fighting
  2589 | D:5      | Reached skill level 5 in Maces & Flails
  2589 | D:5      | Reached XP level 6. HP: 33/57 MP: 3/3
  2589 | D:5      | Reached XP level 7. HP: 36/63 MP: 3/3
  2702 | D:5      | Noticed Ijyb
  2715 | D:5      | Killed Ijyb
  2930 | D:5      | Reached skill level 7 in Armour
  3155 | D:5      | Found Jearip's Antique Armour Shop.
  3587 | D:6      | Found Skiapt's Armour Shop.
  3627 | D:6      | Found a staircase to the Ecumenical Temple.
  3638 | Temple   | Entered the Ecumenical Temple
  3672 | Temple   | Became a worshipper of Warmaster Okawaru
  3932 | D:6      | Found a deep blue altar of Sif Muna.
  4052 | D:6      | Noticed Blork the orc
  4067 | D:6      | Killed Blork the orc
  4227 | D:6      | Reached XP level 8. HP: 73/73 MP: 3/3
  4823 | D:6      | Reached skill level 8 in Armour
  5103 | D:7      | Acquired Okawaru's first power
  5114 | D:7      | Found a shattered altar of Ashenzari.
  5187 | D:7      | Reached skill level 9 in Armour
  5279 | D:7      | Reached XP level 9. HP: 82/82 MP: 4/4
  5729 | D:8      | Reached skill level 10 in Maces & Flails
  5770 | D:8      | Found a staircase to the Lair.
  5774 | D:8      | Noticed Prince Ribbit
  5792 | D:8      | Killed Prince Ribbit
  5832 | D:8      | Found a snail-covered altar of Cheibriados.
  5833 | D:8      | Found a burning altar of Makhleb.
  5833 | D:8      | Found a radiant altar of Vehumet.
  5961 | D:8      | Reached skill level 10 in Armour
  5977 | D:8      | HP: 4/83 [goliath beetle (12)]
  6360 | D:9      | Reached skill level 11 in Maces & Flails
  6448 | D:9      | Reached XP level 10. HP: 37/91 MP: 4/4
  6459 | D:9      | Noticed Psyche
  6742 | Lair:1   | Entered Level 1 of the Lair of Beasts
  6769 | Lair:1   | Reached skill level 10 in Fighting
  6773 | Lair:1   | Noticed a death yak
  6774 | Lair:1   | Noticed a death yak
  6775 | Lair:1   | Noticed a death yak
  6777 | Lair:1   | Noticed a death yak
  6812 | D:8      | Killed a death yak
  6812 | D:8      | Acquired Okawaru's second power
  6815 | D:8      | Killed a death yak
  6815 | D:8      | Reached skill level 12 in Maces & Flails
  6817 | D:8      | Received a gift from Okawaru
  7103 | D:9      | Found a shimmering altar of Xom.
  7112 | D:9      | Found a bloodstained altar of Trog.
  7309 | D:9      | Killed Psyche
  7673 | Lair:1   | Killed a death yak
  7679 | Lair:1   | Killed a death yak
  7679 | Lair:1   | Reached skill level 13 in Maces & Flails
  7679 | Lair:1   | Reached XP level 11. HP: 35/102 MP: 4/4
  7681 | Lair:1   | Received a gift from Okawaru
  7682 | Lair:1   | Got a crude scale mail {god gift}
  7694 | Lair:1   | Identified the +5 scale mail of Grot {rPois Int+2} (Okawaru gifted it to you on level 1 of the Lair of Beasts)
  7908 | Lair:1   | Noticed an eight-headed hydra
  8073 | D:10     | Entered Level 10 of the Dungeon
  8077 | D:10     | Noticed Harold
  8095 | D:10     | Killed Harold
  8535 | D:10     | Found a blossoming altar of Fedhas.
  9445 | D:11     | Reached skill level 14 in Maces & Flails
  9524 | D:11     | Noticed Sonja
  9542 | D:11     | Killed Sonja
  9687 | D:11     | Noticed a hill giant
  9694 | D:11     | Killed a hill giant
  9804 | D:11     | Reached skill level 15 in Maces & Flails
  9832 | D:11     | Noticed a hill giant
  9839 | D:11     | Killed a hill giant
  9937 | D:12     | Noticed a hill giant
  9943 | D:12     | Killed a hill giant
  9974 | D:12     | Received a gift from Okawaru
  9976 | D:12     | Reached skill level 16 in Maces & Flails
  9977 | D:12     | Got a distressingly furry scale mail {god gift}
  9990 | D:12     | Identified the +5 scale mail "Zugon" {rC+} (Okawaru gifted it to you on level 12 of the Dungeon)
 10052 | D:12     | Found a glowing silver altar of Zin.
 10058 | D:12     | Noticed an angel
 10059 | D:12     | Found Vaul's Hallowed Reliquary.
 10414 | D:12     | Noticed a hill giant
 10424 | D:12     | Killed a hill giant
 10547 | D:12     | Found a snail-covered altar of Cheibriados.
 10595 | D:12     | Reached skill level 17 in Maces & Flails
 10595 | D:12     | Reached XP level 12. HP: 66/113 MP: 6/6
 10781 | D:12     | Paralysed by a yellow wasp for 3 turns
 10821 | D:12     | Noticed a hill giant
 10858 | D:12     | Noticed a hill giant
 10871 | D:12     | Killed a hill giant
 10871 | D:12     | Reached skill level 18 in Maces & Flails
 10897 | D:12     | Noticed Erica
 10914 | D:12     | Killed Erica
 10914 | D:12     | Received a gift from Okawaru
 11255 | D:12     | Noticed a six-headed hydra
 11263 | D:12     | Killed a six-headed hydra
 11293 | D:12     | Killed a hill giant
 11495 | D:12     | Found a staircase to the Orcish Mines.
 11500 | Orc:1    | Entered Level 1 of the Orcish Mines
 11533 | Orc:1    | Reached skill level 19 in Maces & Flails
 11730 | Orc:1    | Found a deep blue altar of Sif Muna.
 11833 | Orc:2    | Found Sianotz's Distillery.
 12105 | Orc:2    | Bought a potion of beneficial mutation for 490 gold pieces
 12233 | Orc:1    | Gained mutation: You are partially covered in slimy green scales (AC +2). [potion of beneficial mutation]
 13138 | Orc:3    | Reached skill level 20 in Maces & Flails
 13463 | Orc:3    | Found a staircase to the Elven Halls.
 13689 | Orc:4    | Entered Level 4 of the Orcish Mines
 13689 | Orc:4    | Found Thryd's Magic Scroll Shoppe.
 13693 | Orc:4    | Noticed Joseph
 13718 | Orc:4    | Killed Joseph
 13760 | Orc:4    | Found Thritoq's Jewellery Boutique.
 13795 | Orc:4    | Found Foskam's Book Boutique.
 13965 | Orc:4    | Noticed Nergalle
 13980 | Orc:4    | Killed Nergalle
 14191 | Orc:4    | Noticed Urug
 14202 | Orc:4    | Killed Urug
 14387 | Orc:4    | Found Prac's Distillery.
 14390 | Orc:4    | Noticed Nessos
 14394 | Orc:4    | Received a gift from Okawaru
 14585 | Orc:3    | Reached XP level 13. HP: 71/123 MP: 6/6
 15344 | Orc:4    | Killed Nessos
 15638 | Orc:4    | Reached skill level 1 in Invocations
 15898 | Orc:4    | Found Arusomn's Book Shop.
 15903 | Orc:4    | Found Prieguh's Antique Armour Shop.
 15905 | Orc:4    | Found Zuygue's Magic Scroll Emporium.
 16074 | Orc:4    | Bought a potion of experience for 750 gold pieces
 16075 | Orc:4    | Reached XP level 14. HP: 133/133 MP: 7/7
 16275 | Lair:1   | Killed an eight-headed hydra
 16474 | Lair:1   | Reached skill level 15 in Armour
 16841 | Lair:2   | Received a gift from Okawaru
 17268 | Lair:3   | Reached skill level 21 in Maces & Flails
 17288 | Lair:3   | Reached skill level 15 in Fighting
 17321 | Lair:3   | Got a faintly humming cloak
 17442 | Lair:3   | Found a staircase to the Shoals.
 17450 | Shoals:1 | Entered Level 1 of the Shoals
 17544 | Lair:3   | Found a dark tunnel.
 17550 | Volcano  | Entered a volcano
 17562 | Volcano  | Identified the cursed -5 cloak of Smokuloj {MR++ SInv} (You found it on level 3 of the Lair of Beasts)
 17676 | Volcano  | Gained mutation: You have a somewhat thin skeletal structure (Dex +2, Stealth). [potion of beneficial mutation]
 17687 | Volcano  | Reached XP level 15. HP: 128/141 MP: 7/11
 18327 | Lair:3   | Noticed Snorg
 18336 | Lair:3   | Killed Snorg
 19071 | Shoals:1 | HP: 4/144 [barbs]
 20531 | Lair:5   | Identified Gathruics' Tome of Poison and Moulding
 20890 | Lair:5   | Found a hole to the Spider Nest.
 20951 | Lair:5   | Reached XP level 16. HP: 139/152 MP: 12/12
 21654 | Lair:6   | Noticed WildSam's ghost (powerful DsWn)
 21668 | Lair:6   | Killed WildSam's ghost
 21795 | Lair:6   | Found a viscous altar of Jiyva.
 21796 | Lair:6   | Found a staircase to the Slime Pits.
 22120 | Lair:6   | Reached skill level 22 in Maces & Flails
 22359 | Lair:7   | Reached skill level 1 in Stealth
 22639 | Lair:7   | Received a gift from Okawaru
 23179 | Lair:8   | Entered Level 8 of the Lair of Beasts
 24604 | Spider:1 | Entered Level 1 of the Spider Nest
 26462 | Spider:2 | Received a gift from Okawaru
 26673 | Spider:2 | Reached skill level 23 in Maces & Flails
 26722 | Spider:2 | Reached XP level 17. HP: 64/166 MP: 7/13
 27126 | Spider:2 | Received a gift from Okawaru
 27463 | Spider:3 | Noticed Arachne
 27489 | Spider:3 | Received a gift from Okawaru
 27504 | Spider:3 | Killed Arachne
 27706 | Spider:3 | Got a transparent chain mail {god gift}
 27718 | Spider:3 | Identified the +5 chain mail of Peempuad {Dex+5 Int-3} (Okawaru gifted it to you on level 3 of the Spider Nest)
 28747 | Spider:5 | Entered Level 5 of the Spider Nest
 28784 | Spider:5 | Noticed Norris
 29226 | Spider:5 | Noticed Jorgrun
 29244 | Spider:5 | Killed Jorgrun
 29270 | Spider:5 | Killed Norris
 29796 | Spider:5 | Noticed Donald
 29810 | Spider:5 | HP: 3/169 [Donald/broad axe (19)]
 29844 | Spider:4 | Killed Donald
 30333 | Spider:5 | Received a gift from Okawaru
 30797 | Spider:5 | Noticed Aizul
 30815 | Spider:5 | HP: 3/170 [Aizul/poison arrow (16)]
 30815 | Spider:5 | Slain by a ghost moth

Action                   |  1- 3 |  4- 6 |  7- 9 | 10-12 | 13-15 | 16-18 || total
-------------------------+-------+-------+-------+-------+-------+-------++-------
Melee: Flail             |    73 |   133 |   176 |       |       |       ||   382
       Morningstar       |       |       |   250 |   940 |   560 |  1173 ||  2923
Invok: Heroism           |       |       |       |     4 |     1 |     4 ||     9
Evoke: Wand              |       |       |       |     8 |    20 |     1 ||    29
  Use: Scroll            |     4 |     3 |    18 |     3 |     9 |     8 ||    45
       Potion            |       |       |     1 |     4 |     8 |     4 ||    17
 Stab: Distracted        |       |       |       |       |       |     1 ||     1
  Eat: Chunk             |       |     4 |    12 |    24 |    20 |    30 ||    90
       Beef jerky        |       |       |     1 |       |       |     1 ||     2
       Fruit             |       |       |     1 |     3 |     1 |       ||     5
       Pizza             |       |       |       |       |       |     1 ||     1
